 Dungeon Crawl Stone Soup version 0.30.1-11-g7821555f0a (webtiles) character file.

Game seed: 7593632658916983682

4117 tester4now the Fighter (level 10, -4/139 HPs)
             Began as a Grey Draconian Fighter on Jan 3, 2024.
             Was an Initiate of Gozag.
             Slain by a spriggan
             ... wielding a +0 trident
              (6 damage)
             ... in a bailey on Jan 4, 2024.
             The game lasted 01:10:36 (7386 turns).

tester4now the Fighter (Grey Draconian Fighter)     Turns: 7386, Time: 01:10:36

Health: -4/139     AC: 16    Str: 33    XL:     10   Next: 6%
Magic:  12/14      EV: 13    Int: 12    God:    Gozag
Gold:   730        SH:  5    Dex: 14    Spells: 14/15 levels left

rFire   + + .        J - +4 long sword "Dyoko" {freeze, rPois Str+9 Int+4 Dex-2}
rCold   + . .        (no shield)
rNeg    . . .        (body armour unavailable)
rPois   +            t - +0 hat
rElec   +            O - +0 cloak
rCorr   +            N - +2 pair of gloves {hurl}
SInv    .            (no boots)
Will    .....        F - amulet of reflection Stlth
                     u - ring of protection from fire
HPRegen 0.43/turn    M - +6 ring of dexterity
MPRegen 0.14/turn

%: reflection
@: berserking, resistant, gold aura, very quick
A: AC +12, amphibious, unfitting armour, cold-blooded
a: Renounce Religion, Potion Petition, Call Merchant, Bribe Branch


You were in a bailey.
You worshipped Gozag.
Gozag was pleased with you.
You visited 2 branches of the dungeon, and saw 8 of its levels.
You also visited: Sewer and Bailey.

You collected 1258 gold pieces.
You paid 528 gold pieces to Gozag.

Inventory:

Hand Weapons
 a - a +0 war axe
 l - a +0 vampiric hand axe
 C - a +0 shortbow
 J - the +4 long sword "Dyoko" (weapon) {freeze, rPois Str+9 Int+4 Dex-2}
   (You found it on level 5 of the Dungeon)

   Str:       It affects your strength (+9).
   Int:       It affects your intelligence (+4).
   Dex:       It affects your dexterity (-2).
   rPois:     It protects you from poison.
 P - a +1 war axe of flaming
 S - a +3 heavy shortbow
 U - the +6 sling of Salt {flame, Drain rCorr Int+4}
   (You took it off a spriggan in a bailey)

   Int:       It affects your intelligence (+4).
   rCorr:     It protects you from acid and corrosion.
   Drain:     It drains your maximum health when unequipped.
 V - the +1 sling of the Undead {elec, Int+2}
   (You took it off a spriggan in a bailey)

   Int:       It affects your intelligence (+2).
Missiles
 d - 92 stones
 e - 12 poisoned darts
 f - a throwing net
 L - 5 datura-tipped darts
Armour
 b - a +0 buckler
 t - a +0 hat (worn)
 N - a +2 pair of gloves of hurling (worn)
 O - a +0 cloak (worn)
Jewellery
 u - a ring of protection from fire (left hand)
 y - an amulet of the acrobat
 F - an amulet of reflection (around neck)
 M - a +6 ring of dexterity (right hand)
Wands
 g - a wand of flame (14)
 x - a wand of iceblast (3)
 Q - a wand of charming (3)
Scrolls
 h - a scroll of enchant armour {unknown}
 i - 2 scrolls of acquirement {unknown}
 j - a scroll of poison {unknown}
 k - 6 scrolls of teleportation
 n - a scroll of summoning {unknown}
 p - 3 scrolls of amnesia {unknown}
 q - 3 scrolls of blinking {unknown}
 r - a scroll of fear {unknown}
 s - a scroll of vulnerability {unknown}
 B - 3 scrolls of fog {unknown}
 E - 2 scrolls of noise {unknown}
 K - a scroll of immolation {unknown}
 R - a scroll of torment {unknown}
 T - 2 scrolls of brand weapon {unknown}
Potions
 c - a potion of might
 m - a potion of flight
 o - 4 potions of heal wounds {unknown}
 v - a potion of resistance
 w - 2 potions of degeneration (quivered)
 z - 3 potions of mutation
 A - 2 potions of haste
 D - 2 potions of invisibility
 G - 3 potions of curing {unknown}
 H - a potion of berserk rage {unknown}
 I - a potion of magic {unknown}


   Skills:
 - Level 10.0 Fighting
 - Level 7.0 Long Blades
 - Level 5.0 Axes
 + Level 4.9 Ranged Weapons
 - Level 2.0 Throwing
 - Level 3.0 Dodging
 - Level 2.0 Stealth
 - Level 3.0 Shields
 - Level 3.0 Spellcasting
 - Level 3.0 Summonings


You had 14 spell levels left.
You knew the following spells:

 Your Spells              Type           Power      Damage    Failure   Level
a - Summon Small Mammal   Summ           36%        N/A       7%          1

Your spell library contained the following spells:

 Spells                   Type           Power      Damage    Failure   Level
 Call Canine Familiar     Summ           9%         N/A       22%         3
 Static Discharge         Conj/Air       2%         2-3/arc   36%         2
 Summon Guardian Golem    Hex/Summ       5%         N/A       36%         3
 Ignite Poison            Fire/Tmut/Pois 1%         N/A       58%         3
 Summon Lightning Spire   Summ/Air       5%         N/A       78%         4
 Airstrike                Air            0%         2d(1-17)  94%         4
 Sticky Flame             Conj/Fire      1%         2d3       94%         4
 Freezing Cloud           Conj/Ice/Air   0%         6-21      100%        5
 Conjure Ball Lightning   Conj/Air       0%         3x3d6     100%        6
 Ignition                 Fire           0%         3d3       100%        8
 Maxwell's Capacitive Co  Air            0%         ∞         100%        8


Dungeon Overview and Level Annotations

Branches:
Dungeon (7/15)             Temple (1/1) D:4           Sewer (visited)
 Bailey (1/1)

Altars:
Ashenzari
Cheibriados
Dithmenos
Elyvilon
Fedhas
Gozag
Hepliaklqana
Kikubaaqudgha
Makhleb
Nemelex Xobeh
Okawaru
Qazlal
Ru
Sif Muna
Trog
Vehumet
Xom
Yredelemnul
Zin
The Shining One


Innate Abilities, Weirdness & Mutations

Your dull iron-grey scales are very hard. (AC +12)
You are amphibious.
You cannot fit into any form of body armour.
You are cold-blooded and may be slowed by cold attacks.


Message History

Your bat barely misses the spriggan.
Your bat closely misses the spriggan.
Your bat barely misses the spriggan.
You block the spriggan's attack. x2
Your bat barely misses the spriggan.
The spriggan hits you with a +0 trident.
* * * LOW HITPOINT WARNING * * *
You have reached level 10!
You miss the spriggan. You tail-slap the spriggan!
The spriggan is severely wounded.
Your bat hits the spriggan.
Your bat hits the spriggan but does no damage.
Your bat closely misses the spriggan.
The spriggan hits you from afar with a +0 spear.
* * * LOW HITPOINT WARNING * * *
The spriggan hits you with a +0 trident!
* * * LOW HITPOINT WARNING * * *
You closely miss the spriggan.
The spriggan is severely wounded.
Your bat completely misses the spriggan.
Your bat misses the spriggan. The spriggan closely misses you. x2
You closely miss the spriggan.
The spriggan is severely wounded.
Your bat hits the spriggan.
Your bat closely misses the spriggan.
The spriggan hits you with a +0 trident!
* * * LOW HITPOINT WARNING * * *
The spriggan misses you.
You miss the spriggan.
The spriggan is severely wounded.
Your bat misses the spriggan. x2; Your bat hits the spriggan.
You block the spriggan's attack.
The spriggan hits you with a +0 trident!
* * * LOW HITPOINT WARNING * * *
You slice the spriggan!! You freeze the spriggan.
You kill the spriggan!
Your bat hits the spriggan but does no damage. x2
The spriggan hits you but does no damage.
The spriggan misses you. The spriggan attacks as you move away!
The spriggan hits you with a +0 trident.
You die...
Your body crumbles into a pile of gold.

#######
###.....###
##.........##
##....)).....##
#....∩...∩....#
##...@.).....##
##.$$ii)b..##
###~b~~~###
#~~~~~#
##~~~~~##
##....)..##
##.........##
##..#######..##
##..♣# ♣#..##


You could see 2 spriggans and 2 friendly bats.

Vanquished Creatures
  A two-headed ogre (Bailey)
  Pikel (D:5)
  Maggie (D:6)
  4 spriggans (Bailey)
  An acid dragon (Bailey)
  An orc warrior (D:6)
  A sky beast (D:6)
  6 ogres
  2 centaurs
  A kobold brigand (D:7)
  A lemure (D:5)
  A phantom (D:4)
  2 bullfrogs (Sewer)
  2 scorpions
  A wight (D:7)
  4 hounds
  4 orc priests
  A sleepcap (D:6)
  2 iguanas
  2 orc wizards
  4 gnolls (D:5)
  17 adders
  3 river rats
  A white imp (D:6)
  5 worms
  5 dart slugs
  16 orcs
  6 endoplasms
  6 giant cockroaches
  6 hobgoblins
  8 jackals
  10 kobolds
  2 quokkas
  23 ball pythons
  3 bats
  10 frilled lizards
  9 goblins
  36 rats
209 creatures vanquished.

Notes
Turn   | Place    | Note
-------+----------+-------------------------------------------
     0 | D:1      | tester4now the Draconian Fighter began the quest for the
                  | Orb.
     0 | D:1      | Reached XP level 1. HP: 19/19 MP: 1/1
   103 | D:1      | Reached skill level 1 in Stealth
   121 | D:1      | Reached XP level 2. HP: 20/26 MP: 2/2
   674 | D:1      | Reached XP level 3. HP: 29/31 MP: 3/3
  1364 | D:2      | Reached XP level 4. HP: 40/40 MP: 4/4
  1711 | D:2      | Reached skill level 4 in Fighting
  1750 | D:3      | Found a sacrificial altar of Ru.
  2004 | D:3      | Reached skill level 1 in Spellcasting
  2476 | D:4      | Noticed a scorpion
  2488 | D:4      | Killed a scorpion
  2489 | D:4      | Reached XP level 5. HP: 38/47 MP: 6/6
  2539 | D:4      | Reached skill level 5 in Fighting
  2876 | D:4      | Reached XP level 6. HP: 52/56 MP: 8/8
  2921 | D:4      | Found a staircase to the Ecumenical Temple.
  2933 | Temple   | Entered the Ecumenical Temple
  3034 | Temple   | Became a worshipper of Gozag Ym Sagoz the Greedy
  3340 | D:4      | Reached skill level 1 in Summonings
  3451 | D:4      | Reached skill level 1 in Throwing
  3518 | D:5      | Entered Level 5 of the Dungeon
  3559 | D:5      | Noticed Pikel
  3612 | D:5      | Found a white marble altar of Elyvilon.
  3612 | D:5      | Found a blossoming altar of Fedhas.
  3806 | D:5      | Your scales start taking on a dull iron-grey colour.
  3806 | D:5      | Reached XP level 7. HP: 41/62 MP: 10/10
  3808 | D:5      | Learned a level 1 spell: Summon Small Mammal
  3949 | D:5      | Found a glowing drain.
  3965 | Sewer    | Entered a sewer
  4124 | Sewer    | Reached skill level 6 in Fighting
  4454 | D:5      | Identified the +4 long sword "Dyoko" {freeze, rPois Str+9
                  | Int+4 Dex-2}
  4565 | D:5      | Killed Pikel
  4566 | D:5      | Reached skill level 7 in Fighting
  4566 | D:5      | Reached skill level 5 in Axes
  4566 | D:5      | Reached XP level 8. HP: 29/73 MP: 12/12
  5410 | D:6      | Noticed Maggie
  5435 | D:6      | Killed Maggie
  5436 | D:6      | Reached skill level 5 in Long Blades
  5680 | D:6      | Found a stormy altar of Qazlal.
  6116 | D:6      | Reached XP level 9. HP: 79/79 MP: 13/13
  6285 | D:6      | Got the Treatise on Gusty Algor
  6818 | D:7      | Reached skill level 8 in Fighting
  6824 | D:7      | Found a flagged portal.
  6846 | Bailey   | Entered a bailey
  6872 | Bailey   | Reached skill level 9 in Fighting
  6883 | Bailey   | HP: 4/83 [ogre/+0 glaive (10)]
  7155 | Bailey   | Noticed a two-headed ogre
  7183 | Bailey   | Killed a two-headed ogre
  7184 | Bailey   | Reached skill level 10 in Fighting
  7313 | Bailey   | Identified the +6 sling of Salt {flame, Drain rCorr Int+4}
  7313 | Bailey   | Identified the +1 sling of the Undead {elec, Int+2}
  7381 | Bailey   | Reached XP level 10. HP: 38/93 MP: 12/14
  7384 | Bailey   | HP: 2/139 [spriggan/+0 trident (10)]
  7386 | Bailey   | Slain by a spriggan

Illustrated notes

Levels and vault maps discovered:
D:1:      minmay_arrival_arboretum_small, layout_loops_ring
D:2:      layout_loops_cross, grunt_decor_junction, guppyfry_early_lair_pool
D:3:      layout_rooms, lemuel_crystal_altar
D:4:      layout_loops_cross, minmay_temple_entry_gardened_gates,
          wad_rectangle_vault
D:5:      layout_cave_pools, gammafunk_temple_overflow_elements,
          portal_sewer_entry_e, uniq_pikel
D:6:      layout_loops_corners, nicolae_qazlal_eye_of_the_storm,
          kennysheep_generic_room_2, uniq_maggie
D:7:      layout_basic, enter_bailey_3
Temple:   lightli_temple_of_artemis
Bailey:   bailey_polearm_enchanted_keep_hellmonk, bailey

Skill      XL: |  1  2  3  4  5  6  7  8  9 |
---------------+----------------------------+-----
Dodging        | 3 |  3.0
Stealth        | 1 2 |  2.0
Axes           | 3 4 5 |  5.0
Fighting       | 4 5 7 10 | 10.0
Spellcasting   | 1 2 3 |  3.0
Summonings     | 1 3 |  3.0
Throwing       | 1 2 |  2.0
Long Blades    | 3 6 7 |  7.0
Ranged Weapons | 4 |  4.9
Shields        | |  3.0

Action                     |  1- 3 |  4- 6 |  7- 9 | 10-12 || total
---------------------------+-------+-------+-------+-------++-------
  Melee: War axe           |   118 |       |       |       ||   118
         Tailslap          |    12 |    25 |    34 |     1 ||    72
         Hand axe          |     3 |   262 |   200 |       ||   465
         Long sword        |       |       |   160 |     5 ||   165
   Fire: Sling             |       |     1 |       |       ||     1
         Shortbow          |       |       |    15 |       ||    15
  Throw: Stone             |     6 |       |       |       ||     6
   Cast: Summon Small Mamm |       |       |    14 |       ||    14
 Invoke: Potion Petition   |       |       |     1 |       ||     1
  Evoke: Wand              |       |       |     4 |       ||     4
    Use: Scroll            |       |     5 |     3 |       ||     8
         Potion            |       |       |     2 |       ||     2
   Stab: Sleeping          |     4 |     2 |     3 |       ||     9
         Distracted        |       |       |     1 |       ||     1
 Armour: Skin              |    34 |    85 |   134 |     1 ||   254
  Dodge: Dodged            |    72 |   146 |   231 |     4 ||   453
  Block: Buckler           |    25 |    43 |   155 |       ||   223
         Other             |       |       |    18 |     1 ||    19
         Reflection        |       |       |     4 |       ||     4
